 Dungeon Crawl Stone Soup version 0.30-a0-728-gc68057be0a (webtiles) character file.

Game seed: 8821864043497316936

13894 browni3141 the Impaler (level 12, -10/55 (58) HPs)
             Began as a Vine Stalker Monk on Jan 31, 2023.
             Was an Elder of Nemelex Xobeh.
             Killed from afar by an orc sorcerer (24 damage)
             ... with a bolt of negative energy
             ... on level 1 of the Orcish Mines.
             The game lasted 00:22:24 (10319 turns).

browni3141 the Impaler (Vine Stalker Monk)         Turns: 10319, Time: 00:22:25

HP:   -10/55 (58)   AC:  9    Str: 24    XL:     12   Next: 10%
MP:   0/16          EV: 13    Int: 17    God:    Nemelex Xobeh [****..]
Gold: 644           SH:  0    Dex: 18    Spells: 11/11 levels left

rFire   . . .      SeeInvis .    D - +0 halberd (heavy)
rCold   + . .      Faith    .    (shield currently unavailable)
rNeg    . . .      Spirit   +    H - +1 steam dragon scales
rPois   +          Reflect  .    x - +1 helmet {Int+3}
rElec   .          Harm     .    (no cloak)
rCorr   .          Rampage  .    (no gloves)
Will    +....                    y - +0 pair of boots
Stlth   +++                      (no amulet)
HPRegen 1.09/turn                N - +6 ring of strength
MPRegen 0.15/turn                q - ring of the Voivode {Contam rPois rC+ Int+4 Slay+4}

@: drained
A: fangs 3, regeneration 1, magic shield, antimagic bite, no potion heal 2
a: Renounce Religion, Draw Escape, Draw Destruction, Draw Summoning, Triple
Draw, Deal Four


You were on level 1 of the Orcish Mines.
You worshipped Nemelex Xobeh.
Nemelex Xobeh was greatly pleased with you.
You visited 3 branches of the dungeon, and saw 13 of its levels.

You collected 704 gold pieces.
You spent 60 gold pieces at shops.

Inventory:

Hand Weapons
 a - a +0 spear
 w - a +0 trident
 D - a +0 heavy halberd (weapon)
Missiles
 t - 25 poisoned darts (quivered)
Armour
 b - a +0 robe
 j - a +0 leather armour
 r - a +0 chain mail
 x - a +1 helmet of intelligence (worn)
 y - a +0 pair of boots (worn)
 A - a +0 plate armour
 H - +1 steam dragon scales (worn)
Magical Staves
 o - a staff of air
Jewellery
 p - a ring of wizardry
 q - the ring of the Voivode (right hand) {Contam rPois rC+ Int+4 Slay+4}
   (You acquired it on level 5 of the Dungeon)

   [ring of poison resistance]

   Int:       It affects your intelligence (+4).
   Slay:      It affects your accuracy & damage with ranged weapons and melee
   (+4).
   rC:        It protects you from cold.
   rPois:     It protects you from poison.
   Contam:    It causes magical contamination when unequipped.
 z - a ring of flight
 N - a +6 ring of strength (left hand)
 P - a ring of magical power
 Q - a +6 ring of strength
 S - a ring of see invisible
Wands
 B - a wand of roots (6)
 C - a wand of polymorph (30)
 F - a wand of charming (2)
 I - a wand of digging (3)
 L - a wand of mindburst (3)
 M - a wand of flame (7)
Scrolls
 f - 5 scrolls of noise
 i - 4 scrolls of magic mapping
 l - 4 scrolls of teleportation
 m - 4 scrolls of amnesia
 n - a scroll of vulnerability
 v - 5 scrolls of immolation
 E - 2 scrolls of fog
 G - a scroll of poison
 J - 2 scrolls of enchant weapon
Potions
 c - 2 potions of ambrosia
 d - 3 potions of degeneration
 e - 2 potions of brilliance
 g - 3 potions of haste
 h - 11 potions of curing
 k - 3 potions of attraction
 s - 3 potions of heal wounds
 u - 2 potions of mutation
 K - a potion of lignification {unknown}
 O - a potion of resistance {unknown}
 T - a potion of cancellation {unknown}
 U - a potion of flight {unknown}
 V - a potion of invisibility {unknown}
Miscellaneous
 R - a lightning rod (4/4)


   Skills:
 - Level 4.0 Fighting
 * Level 15.9 Polearms
 - Level 3.0 Armour
 - Level 2.4 Dodging
 - Level 6.0 Stealth
 - Level 5.0 Invocations


You had 11 spell levels left.
You didn't know any spells.
Your spell library contained the following spells:

 Spells                   Type           Power      Damage    Failure   Level
 Foxfire                  Conj/Fire      0%         2x1d4     24%         1
 Freeze                   Ice            0%         1d3       24%         1
 Necrotise                Necr           0%         1d4       24%         1
 Summon Small Mammal      Summ           0%         N/A       24%         1
 Call Canine Familiar     Summ           0%         N/A       56%         3
 Dazzling Flash           Conj/Hex       0%         N/A       56%         3
 Frozen Ramparts          Ice            0%         1d1       56%         3
 Gell's Gravitas          Tloc           0%         N/A       56%         3
 Hailstorm                Conj/Ice       0%         3d3       56%         3
 Inner Flame              Hex/Fire       0%         N/A       56%         3
 Summon Guardian Golem    Hex/Summ       0%         N/A       56%         3
 Teleport Other           Tloc           0%         N/A       56%         3
 Vampiric Draining        Necr           0%         2d6       56%         3
 Animate Dead             Necr           0%         N/A       93%         4
 Flame Wave               Conj/Fire      0%         2d4       93%         4
 Iskenderun's Mystic Bla  Conj/Tloc      0%         2d3       93%         4
 Sticky Flame             Conj/Fire      0%         2d3       93%         4
 Agony                    Necr           0%         N/A       100%        5
 Fireball                 Conj/Fire      0%         3d3       100%        5
 Dispersal                Tloc           0%         N/A       100%        6
 Starburst                Conj/Fire      0%         6d3       100%        6
 Haunt                    Necr/Summ      0%         N/A       100%        7
 Infestation              Necr           0%         N/A       100%        8


Dungeon Overview and Level Annotations

Branches:
Dungeon (11/15)            Temple (1/1) D:6             Orc (1/2) D:9
   Lair: D:8-11

Altars:
Ashenzari
Cheibriados
Dithmenos
Elyvilon
Fedhas
Gozag
Hepliaklqana
Kikubaaqudgha
Makhleb
Nemelex Xobeh
Okawaru
Qazlal
Ru
Sif Muna
Trog
Uskayaw
Vehumet
Wu Jian
Xom
Yredelemnul
Zin
The Shining One

Shops:
D:3 ?   D:7 *

Annotations:
D:11 exclusion: 2 oklob plants, Erolcha, Harold


Innate Abilities, Weirdness & Mutations

You have razor-sharp teeth.
Your natural rate of healing is unusually fast.
When hurt, damage is shared between your health and your magic reserves.
Your bite disrupts and absorbs the magic of your enemies.
Potions cannot restore your health.


Message History

The orc is severely wounded.
The orc hits you but does no damage. The orc completely misses you.
The orc hits you with a +0 short sword.
You perforate the orc like a sieve!!!
You kill the orc!
The orc hits you but does no damage. The orc barely misses you.
You barely miss the orc. Your bite misses the orc.
The orc hits you with a +0 club. The orc hits you with a +0 short sword.
You puncture the orc!
You kill the orc!
The orc hits you but does no damage.
You closely miss the orc. You bite the orc. You drain its power.
You feel invigorated.
The orc is moderately wounded.
The orc hits you but does no damage.
You closely miss the orc. You bite the orc.
You kill the orc!
Things that are here:
a +0 giant spiked club; an ogre corpse You hear the slow rumble of a distant avalanche of rocks.
An ogre comes into view. It is wielding a +0 giant club.
An orc sorcerer comes into view. It is wielding a +0 dagger.
The orc sorcerer shouts!
You draw a card...
You have drawn the Orb.
Press: ? - help, Shift-Dir - straight line, f - orc sorcerer
Aim: an orc sorcerer, wielding a +0 dagger and wearing a +2 robe The orc sorcerer casts a spell at you.
The bolt of fire hits you!!
Your orb of destruction hits a rock wall.
You draw a card...
You have drawn the Elements.
The deck of cards disappears without a trace.
The orc sorcerer casts a spell at you. The bolt of fire hits you!!
* * * LOW HITPOINT WARNING * * *
Okay, then.
The orc sorcerer points at you and mumbles some strange words.
The bolt of negative energy hits you!!
You feel drained.
You die...
Your body glows with a rainbow of weird colours and disappears.

.# .....###.........
.#.######....##.#..#.....
....#.#........##.......
....................^..
#o......##.........#..
#......##..))).....##.
###l....###.)))....## .
#...°...####$.......# #
##.v..@h..#.).#.....#
#..O.........##.....#
......#.......#.$.......
#.....##......###.#$...#.
#...###.##.....######.##
.... ... ##.....# ## ...
.... ##.#.## ##..# #####
#.


You could see an orc sorcerer (ally target), an ogre (ally target), a friendly
raiju (summoned), a friendly basilisk (summoned) and a friendly fire vortex
(summoned).

Vanquished Creatures
  Fannar (Orc:1)
  A two-headed ogre (D:7)
  The ghost of AverageBear the Covert, a journeyman OpTm of Gozag (D:9)
  Pikel (D:7)
  A deep elf pyromancer (D:7)
  An unseen horror (D:7)
  A kobold demonologist (D:7)
  2 trolls
  3 hornets
  A slime creature (D:7)
  A wraith (D:7)
  A shadow (D:11)
  3 wyverns
  13 yaks
  Eustachio (D:5)
  A vampire mosquito (D:7)
  2 steam dragons
  A warg (Orc:1)
  2 acid dragons
  Duvessa (D:4)
  4 water moccasins
  9 orc warriors
  3 sky beasts
  2 ogres
  6 centaurs
  4 phantoms
  A lemure (D:7)
  4 kobold brigands
  3 necrophages
  4 bullfrogs
  3 gnoll sergeants (D:10)
  A scorpion (D:5)
  12 wights
  Dowan (D:4)
  11 killer bees (D:9)
  2 howler monkeys
  4 hounds
  3 jellies
  4 orc priests
  A gnoll bouda (D:5)
  4 iguanas
  8 orc wizards
  18 gnolls
  9 adders
  4 white imps
  2 worms (D:2)
  3 dart slugs
  36 orcs
  7 ball pythons
  4 bats
  11 endoplasms
  2 giant cockroaches
  5 goblins
  5 hobgoblins
  7 jackals (D:1)
  3 quokkas
  A ball python zombie (D:2)
  2 frilled lizards
  9 kobolds
  6 rats
  A butterfly (D:4)
268 creatures vanquished.

Vanquished Creatures (collateral kills)
  Maggie (D:6)
  An adder (D:6)
  An orc (D:7)
  5 kobolds
8 creatures vanquished.

Vanquished Creatures (others)
  A kobold brigand (D:7)
  A plant (D:5)
  3 withered plants
5 creatures vanquished.

Grand Total: 281 creatures vanquished

Notes
Turn   | Place    | Note
-------+----------+-------------------------------------------
     0 | D:1      | browni3141 the Vine Stalker Monk began the quest for the
                  | Orb.
     0 | D:1      | Reached XP level 1. HP: 11/11 MP: 2/2
    56 | D:1      | Reached skill level 3 in Polearms
    94 | D:1      | Reached XP level 2. HP: 16/16 MP: 3/3
   413 | D:1      | Reached XP level 3. HP: 15/19 MP: 4/4
   756 | D:1      | Reached skill level 4 in Polearms
  1093 | D:2      | Noticed a necrophage
  1157 | D:3      | Found Dias's Magic Scroll Boutique.
  1164 | D:3      | Bought a scroll of identify for 20 gold pieces
  1164 | D:3      | Bought a scroll of identify for 20 gold pieces
  1164 | D:3      | Bought a scroll of identify for 20 gold pieces
  1205 | D:3      | Found a shimmering blue altar of Sif Muna.
  1264 | D:3      | Gained mutation: Your natural rate of healing is unusually
                  | fast. [Vine Stalker growth]
  1264 | D:3      | Reached XP level 4. HP: 23/23 MP: 5/5
  1645 | D:2      | Found a faded altar of an unknown god.
  1742 | D:2      | Killed a necrophage
  1743 | D:2      | Reached skill level 5 in Polearms
  1743 | D:2      | Reached skill level 1 in Armour
  1743 | D:2      | Reached XP level 5. HP: 23/27 MP: 6/6
  1979 | D:2      | Found an opulent altar of Gozag.
  2322 | D:3      | Found a bloodstained altar of Trog.
  2434 | D:4      | Noticed Dowan
  2555 | D:4      | Reached XP level 6. HP: 30/32 MP: 5/7
  2945 | D:5      | Entered Level 5 of the Dungeon
  2945 | D:5      | Found a burning altar of Makhleb.
  3221 | D:5      | Found a glowing silver altar of Zin.
  3309 | D:5      | Reached skill level 6 in Polearms
  3309 | D:5      | Reached XP level 7. HP: 32/35 MP: 8/8
  3318 | D:5      | Identified a scroll of acquirement
  3321 | D:5      | Acquired the ring of the Voivode {Contam rPois rC+ Int+4
                  | Slay+4}
  3430 | D:5      | Noticed Eustachio
  3438 | D:5      | Killed Eustachio
  3439 | D:5      | Reached skill level 7 in Polearms
  3603 | D:4      | Found a shimmering altar of Xom.
  3639 | D:4      | Noticed Duvessa
  3750 | D:4      | Gained mutation: You have razor-sharp teeth. [Vine Stalker
                  | growth]
  3750 | D:4      | Reached XP level 8. HP: 40/40 MP: 6/9
  4209 | D:4      | Found a shimmering altar of Xom.
  4541 | D:4      | Killed Duvessa
  4551 | D:4      | Killed Dowan
  4983 | D:6      | Reached skill level 5 in Stealth
  5085 | D:6      | Found a staircase to the Ecumenical Temple.
  5119 | Temple   | Entered the Ecumenical Temple
  5133 | Temple   | Became a worshipper of Nemelex Xobeh the Trickster
  5133 | Temple   | Reached * piety under Nemelex Xobeh
  5133 | Temple   | Received a gift from Nemelex Xobeh
  5133 | Temple   | Reached ** piety under Nemelex Xobeh
  5175 | D:6      | Reached skill level 8 in Polearms
  5289 | D:6      | Found a radiant altar of Vehumet.
  5289 | D:6      | Found a snail-covered altar of Cheibriados.
  5509 | D:6      | Noticed Maggie
  5525 | D:6      | Killed Maggie
  5526 | D:6      | Reached XP level 9. HP: 23/45 MP: 2/10
  5679 | D:6      | Reached skill level 9 in Polearms
  6091 | D:7      | Received a gift from Nemelex Xobeh
  6172 | D:7      | Reached skill level 1 in Invocations
  6182 | D:7      | Reached skill level 10 in Polearms
  6207 | D:7      | Noticed Pikel
  6231 | D:7      | Killed Pikel
  6236 | D:7      | Reached skill level 5 in Invocations
  6251 | D:7      | Identified the +0 hand axe "Toqef" {flame, *Rage +Blink
                  | rF++ Stlth+}
  6374 | D:7      | Reached XP level 10. HP: 38/49 MP: 9/14
  6402 | D:7      | Identified the +5 whip "Goblin's Doom" {pain, Int+4}
  6402 | D:7      | Noticed a kobold demonologist
  6419 | D:7      | Noticed a boulder beetle
  6422 | D:7      | Noticed a sun demon
  6515 | D:8      | Found a stormy altar of Qazlal.
  6560 | D:8      | Found a basalt altar of Yredelemnul.
  6572 | D:8      | Found a hide-covered altar of Uskayaw.
  6683 | D:7      | Reached *** piety under Nemelex Xobeh
  6684 | D:7      | Noticed a two-headed ogre
  6687 | D:7      | Killed a two-headed ogre
  6688 | D:7      | Reached skill level 11 in Polearms
  6752 | D:7      | Found a sacrificial altar of Ru.
  6837 | D:8      | Reached skill level 12 in Polearms
  6972 | D:8      | You fall into a shaft and drop 2 floors!
  6972 | D:10     | Entered Level 10 of the Dungeon
  7500 | D:7      | Found Dobasuz's Assorted Antiques.
  7532 | D:7      | Reached skill level 13 in Polearms
  7537 | D:7      | Reached XP level 11. HP: 46/53 MP: 12/15
  7773 | D:7      | Identified the +3 glaive of Wexibip {pain, Fragile rPois
                  | rF+}
  7773 | D:7      | Noticed a deep elf pyromancer
  7852 | D:7      | Killed a deep elf pyromancer
  8008 | D:7      | Reached skill level 14 in Polearms
  8529 | D:9      | Found a staircase to the Orcish Mines.
  8560 | D:9      | Received a gift from Nemelex Xobeh
  8604 | D:9      | Reached **** piety under Nemelex Xobeh
  8632 | D:9      | Found a runed translucent door.
  8633 | D:9      | Noticed AverageBear's ghost (journeyman OpTm)
  8640 | D:9      | Found an ornate altar of the Wu Jian Council.
  8794 | D:9      | Found a broken altar of Ashenzari.
  8893 | D:9      | Killed AverageBear's ghost
  9125 | D:10     | Reached skill level 15 in Polearms
  9776 | D:11     | Noticed an oklob plant
  9776 | D:11     | Noticed an oklob plant
  9824 | D:11     | Found a transporter.
  9856 | D:11     | Found a transporter.
  9871 | D:11     | Found a transporter.
  9925 | D:11     | Found a transporter.
  9977 | D:11     | Noticed Harold
 10008 | D:11     | Noticed Erolcha
 10049 | D:11     | Received a gift from Nemelex Xobeh
 10164 | Orc:1    | Entered Level 1 of the Orcish Mines
 10259 | Orc:1    | Noticed Fannar
 10265 | Orc:1    | Reached XP level 12. HP: 58/58 MP: 16/16
 10268 | Orc:1    | Killed Fannar
 10319 | Orc:1    | Killed from afar by an orc sorcerer

Illustrated notes

Levels and vault maps discovered:
D:1:      scummos_arrival_checkerplants, layout_basic
D:2:      layout_rooms, serial_undead, serial_undead_f, serial_undead_b,
          serial_undead_b, serial_undead_e, nicolae_ecumenical_lake_church,
          basic_altar
D:3:      layout_loops_ring, nicolae_sif_muna_condensation,
          lightli_temple_of_fire, serial_shops, shop, hangedman_decor_growths,
          minmay_quadrilaterals
D:4:      layout_basic, xom_butterflies, uniq_duvessa
D:5:      layout_rooms, mainiacjoe_overflow_concentric_impassable,
          zin_scriptorium, nicolae_zen_rock_garden, uniq_eustachio
D:6:      layout_basic, gammafunk_temple_overflow_statue,
          minmay_temple_entry_trees, item_on_display_a, uniq_maggie
D:7:      minmay_the_grid_octo_tiled_octocenter
          [minmay_the_grid_octo_tetromino_candy, minmay_the_grid_octo_toaster,
          minmay_the_grid_octo_thin_diamonds, minmay_the_grid_octo_focus,
          minmay_the_grid_octo_prize_big_c, minmay_the_grid_square_5x5_three,
          minmay_the_grid_square_5x5_corner,
          minmay_the_grid_square_5x5_gyroscope,
          minmay_the_grid_square_5x5_two_small], layout_basic,
          nicolae_ru_awakened_eye, serial_shops, nicolae_shop_crystal,
          minmay_misc_feat_room, mumra_transporter_accident, uniq_pikel
D:8:      layout_rooms, nicolae_qazlal_style_of_elements,
          mainiacjoe_overflow_large_starburst
D:9:      layout_rooms, mainiacjoe_overflow_surrounded_room,
          nicolae_overflow_crystal_walls, orc_0_dummy, gammafunk_ghost_grave
D:10:     layout_loops_ring
D:11:     layout_cave_pods, dpeg_oklobed_lair, nicolae_transporter_circle,
          uniq_erolcha, uniq_harold
Temple:   hellmonk_temple_rainy
Orc:1:    layout_diamond_mine, enter_volcano_4, uniq_fannar

Skill      XL: |  1  2  3  4  5  6  7  8  9 10 11 |
---------------+----------------------------------+-----
Polearms       | 3 4 5 6 7 8 10 13 15 | 15.9
Armour         | 1 2 3 |  3.0
Fighting       | 3 4 |  4.0
Stealth        | 3 6 |  6.0
Invocations    | 5 |  5.0
Dodging        | |  2.4

Action                     |  1- 3 |  4- 6 |  7- 9 | 10-12 || total
---------------------------+-------+-------+-------+-------++-------
  Melee: Spear             |   111 |   155 |       |       ||   266
         Bite              |    24 |    65 |    52 |    64 ||   205
         Punch             |       |     6 |       |       ||     6
         Trident           |       |    44 |   145 |       ||   189
         Unarmed           |       |       |     5 |       ||     5
         Halberd           |       |       |    51 |   319 ||   370
  Throw: Dart              |       |       |     5 |     3 ||     8
 Invoke: Draw Destruction  |       |       |     6 |     2 ||     8
         Draw Summoning    |       |       |     3 |     3 ||     6
         Draw Escape       |       |       |     3 |       ||     3
  Evoke: Wand              |       |       |     1 |     2 ||     3
    Use: Scroll            |     6 |     2 |     5 |     8 ||    21
   Stab: Sleeping          |    10 |     2 |     4 |     5 ||    21
         Distracted        |     1 |       |       |     3 ||     4
 Armour: Robe              |     8 |       |       |       ||     8
         Leather armour    |       |    11 |       |       ||    11
         Chain mail        |       |    64 |    28 |       ||    92
         Skin              |       |       |     1 |       ||     1
         Steam dragon scal |       |       |    23 |    94 ||   117
  Dodge: Dodged            |    53 |    57 |    63 |   197 ||   370

Table legend: (Time is in decaauts)
 A = Elapsed time spent in this place.
 B = Non-inter-level travel time spent in this place.
 C = Inter-level travel time spent in this place.
 D = Time resting spent in this place.
 E = Time spent auto-exploring this place.
 F = Levels seen in this place.
 G = Mean time per level.
                   A        B        C        D        E       F      G
               +--------+--------+--------+--------+--------+-----+--------+
         Total |  10342 |   9768 |    574 |    219 |   7315 |  13 |  795.5 |
       Dungeon |  10156 |   9595 |    561 |    219 |   7315 |  11 |  923.3 |
        Temple |     28 |     15 |     13 |      0 |      0 |   1 |   28.0 |
  Orcish Mines |    156 |    156 |      0 |      0 |      0 |   1 |  156.0 |
               +--------+--------+--------+--------+--------+-----+--------+

Top non-repeatable levels by time:
     D:4: 1878 daAuts
     D:7: 1672 daAuts
     D:1: 1035 daAuts
     D:6: 990 daAuts
     D:3: 793 daAuts
    D:10: 789 daAuts
     D:9: 676 daAuts
     D:8: 659 daAuts
     D:5: 642 daAuts
     D:2: 583 daAuts
    D:11: 436 daAuts
   Orc:1: 156 daAuts
  Temple: 28 daAuts
